AoeStats
← Křovák

MegaRandom

504303582Analyzed
1v1 RM · 29d ago on Sep 4, 2026· 36m 2s· 2 players
Game mode
Random Map
Map size
Tiny (2 player)
Population
200
Speed
Normal
Resources
Standard
Victory
Conquest
Starting age
Dark Age
Ending age
Imperial Age
RankedLock teamsTeams togetherTeam positionsShared explorationLock speedFull tech treeHidden civsTurbo modeCheats
Victory
Defeat
🇺🇸 Japanese · United States
916
+15
🇨🇿 Byzantines · Czechia
898
-15
Křovák
10:03 Loom
11:48 Feudal Age
13:05 Double-Bit Axe
14:42 Horse Collar
24:23 Castle Age
27:01 Bow Saw
27:13 Heavy Plow
33:08 Imperial Age
30:30 Crossbowman
33:08 Fletching
33:19 Padded Archer Armor
34:13 Bodkin Arrow
DeathisGain
11:33 Feudal Age
12:45 Loom
13:40 Fishing Lines
17:09 Double-Bit Axe
19:56 Castle Age
19:03 Arson
20:10 Stone Mining
21:26 Gillnets
24:19 Forging
24:12 Scale Mail Armor
24:16 Squires
25:37 Bow Saw
25:57 Chain Mail Armor
27:10 Wheelbarrow
28:20 Iron Casting
31:12 Fletching
33:28 Guard Tower
36:46 Imperial Age
Connection lost

Rejoining the realm…

Still unreachable

The connection could not be restored.

Session expired

The server has moved on; the page needs a fresh start.